 Dungeon Crawl Stone Soup version 0.23.2-40-g277498a (webtiles) character file.

Game seed: 10359875415642213828

559 SplatTastic the Sneak (level 7, -1/36 HPs)
             Began as a Kobold Venom Mage on Oct 6, 2019.
             Slain by a wyvern skeleton (8 damage)
             ... on level 4 of the Dungeon.
             The game lasted 00:14:00 (5200 turns).

SplatTastic the Sneak (Kobold Venom Mage)           Turns: 5200, Time: 00:14:00

Health: -1/36      AC:  2    Str:  6    XL:     7   Next: 57%
Magic:  8/11       EV: 15    Int: 18    God:
Gold:   244        SH:  0    Dex: 15    Spells: 6/12 levels left

rFire    . . .     SeeInvis .   m - +0 spear
rCold    . . .     Gourm    .   (shield restricted)
rNeg     . . .     Faith    .   a - +0 robe
rPois    .         Spirit   .   (no helmet)
rElec    .         Reflect  .   (no cloak)
rCorr    .         Harm     .   (no gloves)
MR       .....                  (no boots)
Stlth    ++++......             (no amulet)
HPRegen  0.12/turn              (no ring)
MPRegen  0.12/turn              (no ring)

@: no status effects
A: small, carnivore
a: no special abilities


You were on level 4 of the Dungeon.
You were completely stuffed.

You visited 1 branch of the dungeon, and saw 4 of its levels.

You collected 244 gold pieces.


Innate Abilities, Weirdness & Mutations

You are small and have problems with some larger weapons.
You are carnivorous and can eat meat at any time.


   Skills:
 - Level 0.2 Fighting
 - Level 2.4 Dodging
 + Level 7.6 Stealth
 - Level 3.0 Spellcasting
 - Level 1.0 Conjurations
 - Level 4.2 Air Magic
 - Level 4.0 Poison Magic


You had 6 spell levels left.
You knew the following spells:

 Your Spells              Type           Power        Failure   Level  Hunger
a - Sting                 Conj/Pois      ##..         6%          1    None
m - Mephitic Cloud        Conj/Pois/Air  ##......     14%         3    ###....
p - Poisonous Vapours     Pois/Air       ###...       4%          2    ##.....

Your spell library contained the following spells:

 Spells                   Type           Power        Failure   Level  Hunger
 Olgreb's Toxic Radiance  Pois           ###.....     30%         4    ####...
 Venom Bolt               Conj/Pois      ##........   85%         5    ######.

Inventory:

Hand Weapons
 m - a +0 spear (weapon)
 q - a +0 blowgun {@w1}
 r - a +0 short sword of draining
Missiles
 s - 34 poisoned needles
Armour
 a - a +0 robe (worn)
 j - a +2 chain mail of poison resistance
Jewellery
 f - an uncursed ring of protection from cold {unknown}
 g - an uncursed amulet of faith {unknown}
 p - an uncursed ring of resist corrosion {unknown}
 u - an uncursed ring of see invisible {unknown}
Scrolls
 b - 2 scrolls of teleportation {unknown}
 d - 5 scrolls of identify {unknown}
 i - 2 scrolls of random uselessness {unknown}
 k - 2 scrolls of enchant weapon {unknown}
 l - 3 scrolls of remove curse {unknown}
 n - a scroll of magic mapping {unknown}
 t - a scroll of fear {unknown}
 v - a scroll of enchant armour {unknown}
 w - a scroll of blinking {unknown}
 x - a scroll of amnesia {unknown}
Potions
 e - a potion of cancellation {unknown}
 h - a potion of heal wounds {unknown}
 o - a potion of might {unknown}
 z - a potion of degeneration {unknown}
 A - a potion of curing {unknown}
 C - 2 potions of invisibility {unknown}
Comestibles
 c - 5 rations {@e1}

Dungeon Overview and Level Annotations

Branches:
Dungeon (4/15)
 Temple: D:4-7

Altars:

Annotations:
D:3 Grinder

..#..........##.....#.#...###. #
..#..........##...###.#...... #
..........)......................
......................#.......##.
......................#.......##.
......................####......>
......................#.....#.###
..........####[Z......#.....#.##.
..........####..@...........#.##.
....##.................###.##.#..
....##...[....)........##...#....
....##..[.............<##....##..
....##...........................
....##...............##..........
.#####.............#...........#.
# ###...........#...........##
########.........................


You could see a wyvern skeleton.


Message History

You kill the orc priest!
Casting: Poisonous Vapours (safe; 4% risk of failure)
Confirm with . or Enter, or press ? or * to list all spells.
Aiming: Poisonous Vapours (safe; 4% risk of failure)
Press: ? - help, Dir - move target cursor, f/p - orc
Aim: an orc, wielding a +0 short sword (heavily wounded) Poisonous vapours surround the orc!
The orc is poisoned.
You kill the orc!
There is a stone staircase leading up, spattered with blood here.
There is a stone staircase leading up, spattered with blood here.
You start resting.
The wyvern skeleton is too close now for your liking.
Attack whom?
Press: ? - help, Dir - move target cursor, f - wyvern skeleton
Aim: a wyvern skeleton (moderately damaged, hasn't noticed you)
You reach to attack!
You hit the wyvern skeleton.
The wyvern skeleton is heavily damaged.
You hit the wyvern skeleton.
The wyvern skeleton is heavily damaged.
The wyvern skeleton bites you.
The wyvern skeleton completely misses you.
You barely miss the wyvern skeleton.
The wyvern skeleton is heavily damaged.
The wyvern skeleton bites you!
You barely miss the wyvern skeleton.
The wyvern skeleton is heavily damaged.
The wyvern skeleton bites you!
* * * LOW HITPOINT WARNING * * *
The wyvern skeleton bites you!
You die...

Skill      XL: |  1  2  3  4  5  6  7 |
---------------+----------------------+-----
Stealth        | 3 4 5 7 |  7.6
Air Magic      | 1 2 3 4 |  4.2
Poison Magic   | 4 |  4.0
Spellcasting   | 3 |  3.0
Fighting       | |  0.2
Dodging        | |  2.4
Conjurations   | |  1.0

Action                   |  1- 3 |  4- 6 |  7- 9 || total
-------------------------+-------+-------+-------++-------
Melee: Unarmed           |    19 |       |       ||    19
       Spear             |    18 |   113 |    15 ||   146
 Cast: Sting             |    17 |     2 |       ||    19
       Poisonous Vapours |    25 |    48 |    16 ||    89
  Use: Potion            |       |     2 |       ||     2
 Stab: Sleeping          |     1 |     5 |     1 ||     7
  Eat: Chunk             |    12 |    10 |     5 ||    27
Armor: Robe              |    10 |    10 |     2 ||    22
       Skin              |       |     7 |       ||     7
Dodge: Dodged            |    49 |    53 |    20 ||   122

Levels and vault maps discovered:
D:1:      minmay_arrival_split_and_join, layout_basic
D:2:      layout_basic
D:3:      layout_rooms, first_ration, serial_rivers,
          chequers_serial_rivers_micro_c, chequers_serial_rivers_micro_d,
          chequers_serial_rivers_small_b, chequers_serial_rivers_large_a,
          chequers_serial_rivers_marsh, chequers_serial_rivers_micro_c,
          uniq_jessica, uniq_terence, uniq_grinder
D:4:      layout_basic, minmay_fractal_squares_gapless_5, uniq_purgy

Notes
Turn   | Place    | Note
-------+----------+-------------------------------------------
     0 | D:1      | SplatTastic the Kobold Venom Mage began the quest for the
                  | Orb.
     0 | D:1      | Reached XP level 1. HP: 10/10 MP: 3/3
   189 | D:1      | Reached XP level 2. HP: 13/15 MP: 1/5
   352 | D:1      | Learned a level 2 spell: Poisonous Vapours
   654 | D:1      | Reached skill level 3 in Stealth
   667 | D:1      | Reached XP level 3. HP: 19/19 MP: 0/6
  1124 | D:2      | Reached skill level 1 in Air Magic
  1191 | D:2      | Learned a level 3 spell: Mephitic Cloud
  1471 | D:2      | Reached XP level 4. HP: 24/24 MP: 1/7
  1533 | D:2      | Reached skill level 2 in Air Magic
  1533 | D:2      | Reached XP level 5. HP: 28/28 MP: 3/9
  2107 | D:3      | Noticed Jessica
  2237 | D:3      | Killed Jessica
  2237 | D:3      | Reached skill level 4 in Stealth
  2286 | D:3      | Reached skill level 4 in Poison Magic
  2307 | D:3      | Noticed Grinder
  2361 | D:3      | Reached skill level 3 in Spellcasting
  2516 | D:3      | Reached skill level 3 in Air Magic
  2788 | D:3      | Noticed Terence
  2831 | D:3      | Killed Terence
  2831 | D:3      | Reached XP level 6. HP: 13/32 MP: 0/10
  3477 | D:4      | Noticed Purgy
  3531 | D:4      | Killed Purgy
  3531 | D:4      | Reached skill level 5 in Stealth
  3531 | D:4      | Reached skill level 4 in Air Magic
  3654 | D:4      | HP: 3/32 [centaur zombie (4)]
  3964 | D:4      | Reached XP level 7. HP: 17/36 MP: 11/11
  4155 | D:4      | Reached skill level 6 in Stealth
  4200 | D:4      | Reached skill level 7 in Stealth
  4571 | D:4      | HP: 2/36 [wyvern skeleton (15)]
  5200 | D:4      | Slain by a wyvern skeleton

Vanquished Creatures
  An orc warrior (D:4)
  Purgy (D:4)
  2 scorpions
  A centaur zombie (D:4)
  2 orc priests
  Jessica (D:3)
  Terence (D:3)
  A worker ant (D:4)
  A hound skeleton (D:4)
  An adder (D:2)
  An ooze (D:4)
  6 worms
  3 dart slugs (D:1)
  3 leopard geckos
  9 orcs
  2 giant cockroaches
  11 goblins
  4 hobgoblins
  3 kobolds
  A quokka (D:4)
  A ball python (D:3)
  3 bats
  A frilled lizard (D:2)
  5 rats
65 creatures vanquished.

Table legend:
 A = Turns spent in this place as a percentage of turns spent in the entire game.
 B = Non-inter-level travel turns spent in this place as a percentage of non-inter-level travel turns spent in the entire game.
 C = Inter-level travel turns spent in this place as a percentage of turns spent in this place.
 D = Turns resting spent in this place as a percentage of non-inter-level travel turns spent in this place.
 E = Turns spent auto-exploring this place as a percentage of non-inter-level travel turns spent in this place.
 F = Non-inter-level travel turns spent in this place divided by the number of levels of this place that you've seen.
                   A       B       C       D       E      F
               +-------+-------+-------+-------+-------+----------------------
         Total | 100.0 | 100.0 |   1.8 |  49.8 |  27.0 | 1276.5
       Dungeon | 100.0 | 100.0 |   1.8 |  49.8 |  27.0 | 1276.5
               +-------+-------+-------+-------+-------+----------------------

Table legend:
 A = Non-vault XP
 B = Vault XP
 C = Vault XP percentage of total XP
 D = Non-vault monster count
 E = Vault monster count
 F = Vault count percentage of total count
                 A         B        C        D         E       F
            +---------+---------+-------+---------+---------+-------
      Total |     598 |     201 |  25.2 |      62 |       3 |   4.6
            +---------+---------+-------+---------+---------+-------
        D:1 |      31 |       0 |   0.0 |      14 |       0 |   0.0
        D:2 |     124 |       0 |   0.0 |      17 |       0 |   0.0
        D:3 |      75 |      73 |  49.3 |      16 |       2 |  11.1
        D:4 |     368 |     128 |  25.8 |      15 |       1 |   6.2
            +---------+---------+-------+---------+---------+-------
